 Dungeon Crawl Stone Soup version 0.27.1-37-g7b29ead8ac (console) character file.

Game seed: 9082583504278745359

35 grimtooth the Caller (level 3, 0/24 HPs)
             Began as a Barachi Summoner on July 11, 2023.
             Slain by an adder (2 damage)
             ... on level 2 of the Dungeon.
             The game lasted 00:07:00 (1778 turns).

grimtooth the Caller (Barachi Summoner)             Turns: 1778, Time: 00:07:01

Health: 0/24       AC:  2    Str:  9    XL:     3   Next: 33%
Magic:  6/6        EV: 12    Int: 16    God:
Gold:   55         SH:  0    Dex: 12    Spells: 3/6 levels left

rFire    + . .     SeeInvis .   a - +2 whip (elec)
rCold    . . .     Faith    .   (no shield)
rNeg     . . .     Spirit   .   L - +0 robe
rPois    .         Reflect  .   (no helmet)
rElec    .         Harm     .   (no cloak)
rCorr    .         Rampage  .   (no gloves)
Will     .....                  (no boots)
Stlth    ++........             (no amulet)
HPRegen  0.08/turn              g - ring of protection from fire
MPRegen  0.10/turn              (no ring)

@: lethally poisoned (0 -> -2), hasted, quick
A: amphibious, slowness 1, strong legs 1, +LOS
a: Hop


You were on level 2 of the Dungeon.
You visited 1 branch of the dungeon, and saw 2 of its levels.

You collected 55 gold pieces.

Inventory:

Hand Weapons
 a - a +2 whip of electrocution (weapon)
 b - a +0 dagger
Missiles
 c - 38 stones
 h - 18 poisoned darts (quivered)
 m - 29 sling bullets
Armour
 L - a +0 robe (worn)
Jewellery
 g - a ring of protection from fire (left hand)
Scrolls
 e - 2 scrolls of teleportation {unknown}
 i - a scroll of summoning {unknown}
 j - a scroll of brand weapon {unknown}
 k - a scroll of amnesia {unknown}
 l - a scroll of silence {unknown}
Potions
 f - a potion of flight {unknown}


   Skills:
 + Level 0.2 Maces & Flails
 - Level 2.1 Dodging
 - Level 1.7 Stealth
 + Level 2.3 Spellcasting
 * Level 6.0 Summonings


You had 3 spell levels left.
You knew the following spells:

 Your Spells              Type           Power      Damage    Failure   Level
L - Summon Small Mammal   Summ           84%        N/A       1%          1
P - Call Imp              Summ           21%        N/A       2%          2

Your spell library contained the following spells:

 Spells                   Type           Power      Damage    Failure   Level
 Call Canine Familiar     Summ           21%        N/A       4%          3
 Summon Guardian Golem    Hex/Summ       11%        N/A       17%         3
 Corpse Rot               Necr/Air       N/A        N/A       30%         2
 Poisonous Vapours        Pois/Air       2%         N/A       30%         2
 Conjure Flame            Conj/Fire      1%         6-21      52%         3
 Ignite Poison            Fire/Tmut/Pois 1%         N/A       52%         3
 Summon Lightning Spire   Summ/Air       11%        N/A       50%         4
 Airstrike                Air            0%         N/A       90%         4
 Sticky Flame             Conj/Fire      1%         2d3       90%         4
 Freezing Cloud           Conj/Ice/Air   0%         6-21      99%         5
 Lightning Bolt           Conj/Air       0%         1d11      99%         5


Dungeon Overview and Level Annotations

Branches:
Dungeon (2/15)

Altars:


Innate Abilities, Weirdness & Mutations

You are amphibious.
You cover ground slowly.
You can hop short distances.
You have an extended range of vision and can be seen from far away.


Message History

You swap places.
You feel sick. The adder closely misses your iron imp.
Your iron imp misses the adder.
You feel sick. The adder bites your iron imp.
Your iron imp hits the adder!
The adder bites your iron imp.
You feel sick. The adder barely misses your iron imp.
Your iron imp misses the adder.
You feel sick.
The adder bites your iron imp but does no damage.
Your iron imp hits the adder.
The adder bites your iron imp but does no damage.
You feel sick.
You are no longer poisoned.
The adder bites your iron imp.
Your iron imp hits the adder.
The adder bites your iron imp. The adder bites your iron imp.
Your iron imp dies!
Your iron imp disappears in a puff of smoke!
You barely miss the adder.
The adder is almost dead.
The adder closely misses you.
You closely miss the adder.
The adder is almost dead.
The adder bites you. x2
* * * LOW HITPOINT WARNING * * *
You are poisoned.
The adder poisons you!
You closely miss the adder.
The adder is almost dead.
* * * LOW HITPOINT WARNING * * *
You feel sick. The adder bites you.
* * * LOW HITPOINT WARNING * * *
You barely miss the adder.
The adder is almost dead.
* * * LOW HITPOINT WARNING * * *
You feel sick. The adder misses you.
Unknown command.
It was a potion of haste.
You feel yourself speed up.
* * * LOW HITPOINT WARNING * * *
You feel sick. The adder bites you.
You die...

....##...######
#...........#.##
....##.).##..#.##
....#######.###.##
...## #.## ##.#
.#># ##.###.##
...# ##.#.## .###
##.## .# #.# .#
###.#### ..
#.....@# ##
#.#.##S# #.#.##.#
# #.##†# # #.##.#
# #.##.# # .....#
######## #.####
#...[..# #.#
..####.######.#
#.#...........#


You could see an adder.

Vanquished Creatures
  A worm (D:2)
  2 ball pythons
  2 endoplasms (D:1)
  2 goblins (D:2)
  5 jackals (D:1)
  A quokka (D:1)
  2 bats (D:1)
  5 frilled lizards
  3 kobolds
  3 rats
26 creatures vanquished.

Vanquished Creatures (collateral kills)
  An endoplasm (D:2)
  2 goblins
  2 jackals (D:1)
  3 frilled lizards (D:2)
  2 kobolds (D:1)
10 creatures vanquished.

Grand Total: 36 creatures vanquished

Notes
Turn   | Place    | Note
-------+----------+-------------------------------------------
     0 | D:1      | grimtooth the Barachi Summoner began the quest for the Orb.
     0 | D:1      | Reached XP level 1. HP: 13/13 MP: 3/3
   102 | D:1      | Found a faded altar of an unknown god.
   112 | D:1      | Reached skill level 5 in Summonings
   475 | D:1      | Reached XP level 2. HP: 19/19 MP: 5/5
   482 | D:1      | Learned a level 2 spell: Call Imp
  1052 | D:2      | Reached XP level 3. HP: 24/24 MP: 6/6
  1086 | D:2      | Reached skill level 6 in Summonings
  1778 | D:2      | Slain by an adder

Illustrated notes

Levels and vault maps discovered:
D:1:      dpeg_arrival_arbitrary_a, layout_loops_ring,
          chequers_ecumenical_altar_simple_redux, minmay_domino_2
D:2:      layout_loops_cross

Skill      XL: |  1  2  3 |
---------------+----------+-----
Summonings     | 5 6 |  6.0
Maces & Flails | |  0.2
Dodging        | |  2.1
Stealth        | |  1.7
Spellcasting   | |  2.3

Action                   || total
-------------------------++-------
Melee: Whip              ||    59
       Dagger            ||     1
Throw: Stone             ||     1
       Dart              ||     7
 Cast: Summon Small Mamm ||    13
       Call Imp          ||     2
  Use: Potion            ||     1
 Stab: Sleeping          ||     4
Armor: Robe              ||     7
Dodge: Dodged            ||    35
